TOP OF THE 1ST |
Northwestern Wildcats batting - Pitching for South Carolina Gamecocks : RHP Joe Griffin
|
Pitching: RHP Joe Griffin
|
|
Batting: RHB Pablo Velásquez
|
0-0: Ball 1-0: DOUBLE (Line Drive, 7M)
|
Batting: RHB Truman Younger
|
0-0: Ball 1-0: Fly out, F7 (Flyball, 78D)
|
Batting: SHB Arnold Maddox
|
0-0: Called Strike 0-1: Ball 1-1: SINGLE (Flyball, 7LS) Pablo Velásquez to third Runner from 3rd tries for Home, SAFE, no throw or cutoff
|
Batting: RHB Robbie Davis
|
0-0: Called Strike 0-1: Foul Ball, location: 2F 0-2: Ball 1-2: Foul Ball, location: 2F 1-2: Foul Ball, location: 2F 1-2: Foul Ball, location: 2F 1-2: Foul Ball, location: 2F 1-2: Foul Ball, location: 2F 1-2: Foul Ball, location: 2F 1-2: Foul Ball, location: 2F 1-2: Ball 2-2: Ball Arnold Maddox steals 2nd base 3-2: Foul Ball, location: 2F 3-2: Foul Ball, location: 2F 3-2: SINGLE (Line Drive, 6MD) Arnold Maddox to third
|
Batting: SHB Tim Taylor
|
0-0: Called Strike 0-1: Ball 1-1: Ball 2-1: Ball 3-1: Foul Ball, location: 2F 3-2: Foul Ball, location: 2F 3-2: Base on Balls Robbie Davis to second
|
Batting: RHB Kelly Graham
|
0-0: Called Strike 0-1: Ball 1-1: Foul Ball, location: 2F 1-2: Fielders Choice at 2nd, 6-4 (Groundball, 6) Arnold Maddox scores Robbie Davis to third
|
Batting: LHB Xavier Smith
|
0-0: Ball 1-0: Ball 2-0: Ball 3-0: Base on Balls Kelly Graham to second
|
Batting: RHB Andrés Ibáñez
|
0-0: Called Strike 0-1: Foul Ball, location: 2F 0-2: Ball 1-2: Foul Ball, location: 2F 1-2: Strikes out looking
|
Top of the 1st over - 2 run(s), 3 hit(s), 0 error(s), 3 left on base; Northwestern 2 - South Carolina 0 |
BOTTOM OF THE 1ST |
South Carolina Gamecocks batting - Pitching for Northwestern Wildcats : RHP Russell Dawson
|
Pitching: RHP Russell Dawson
|
|
Batting: LHB Josh Pérez
|
0-0: Called Strike 0-1: Fly out, F9 (Flyball, 89XD)
|
Batting: RHB Carl Johnston
|
0-0: Ball 1-0: Fly out, F9 (Flyball, 89M)
|
Batting: RHB Junior Adams
|
0-0: Ground out 6-3 (Groundball, 56)
|
Bottom of the 1st over - 0 run(s), 0 hit(s), 0 error(s), 0 left on base; Northwestern 2 - South Carolina 0 |
TOP OF THE 2ND |
Northwestern Wildcats batting - Pitching for South Carolina Gamecocks : RHP Joe Griffin
|
Batting: RHB Robert Carter
|
0-0: Called Strike 0-1: Ball 1-1: Foul Ball, location: 2F 1-2: Ground out 4-3 (Groundball, 4)
|
Batting: RHB Pablo Velásquez
|
0-0: Swinging Strike 0-1: Foul Ball, location: 2F 0-2: Ground out 1-3 (Groundball, 15)
|
Batting: RHB Truman Younger
|
0-0: Ball 1-0: Ball 2-0: Ball 3-0: Base on Balls
|
Batting: SHB Arnold Maddox
|
0-0: Foul Ball, location: 2F 0-1: Foul Ball, location: 2F 0-2: Foul Ball, location: 2F 0-2: Ball 1-2: Strikes out looking
|
Top of the 2nd over - 0 run(s), 0 hit(s), 0 error(s), 1 left on base; Northwestern 2 - South Carolina 0 |
BOTTOM OF THE 2ND |
South Carolina Gamecocks batting - Pitching for Northwestern Wildcats : RHP Russell Dawson
|
Batting: RHB Doug O'Brien
|
0-0: Ground out 4-3 (Groundball, 4)
|
Batting: RHB Lewis Carter
|
0-0: Foul Ball, location: 2F 0-1: Ground out 6-3 (Groundball, 6)
|
Batting: RHB Taylor Justice
|
0-0: Called Strike 0-1: Ball 1-1: SINGLE (Flyball, 89S)
|
Batting: RHB Clint Ratzlaff
|
0-0: Called Strike 0-1: Called Strike 0-2: Ball 1-2: Ball 2-2: Ground out 5-3 (Groundball, 56S)
|
Bottom of the 2nd over - 0 run(s), 1 hit(s), 0 error(s), 1 left on base; Northwestern 2 - South Carolina 0 |
TOP OF THE 3RD |
Northwestern Wildcats batting - Pitching for South Carolina Gamecocks : RHP Joe Griffin
|
Batting: RHB Robbie Davis
|
0-0: Called Strike 0-1: Foul Ball, location: 2F 0-2: Ball 1-2: Strikes out looking
|
Batting: SHB Tim Taylor
|
0-0: Fly out, F7 (Flyball, 7LMF)
|
Batting: RHB Kelly Graham
|
0-0: Ball 1-0: Ball 2-0: Ball 3-0: Called Strike 3-1: Base on Balls
|
Batting: LHB Xavier Smith
|
0-0: Called Strike 0-1: Swinging Strike 0-2: Foul Ball, location: 2F 0-2: Ball 1-2: Strikes out swinging
|
Top of the 3rd over - 0 run(s), 0 hit(s), 0 error(s), 1 left on base; Northwestern 2 - South Carolina 0 |
BOTTOM OF THE 3RD |
South Carolina Gamecocks batting - Pitching for Northwestern Wildcats : RHP Russell Dawson
|
Batting: RHB José Zúñiga
|
0-0: Ball 1-0: Foul Ball, location: 2F 1-1: Foul Ball, location: 2F 1-2: SOLO HOME RUN (Flyball, 78XD), Distance : 386 ft
|
Batting: RHB Gary Wyatt
|
0-0: SINGLE (Groundball, 34D)
|
Batting: LHB Josh Pérez
|
0-0: Called Strike 0-1: Ball 1-1: Ball 2-1: Foul Ball, location: 2F 2-2: SINGLE (Groundball, 34S) Gary Wyatt to second Runner from 2nd tries for 3rd, SAFE, no throw or cutoff
|
Batting: RHB Carl Johnston
|
0-0: Ball Throwing error on steal attempt, E2 Gary Wyatt scores Josh Pérez to third 1-0: Called Strike 1-1: Fly out, F6 (Popup, 6MD)
|
Batting: RHB Junior Adams
|
0-0: Foul Ball, location: 2F 0-1: Ball 1-1: Foul Ball, location: 2F 1-2: Ball 2-2: Strikes out looking
|
Batting: RHB Doug O'Brien
|
0-0: Called Strike 0-1: Foul Ball, location: 2F 0-2: Fly out, F4 (Popup, 4)
|
Bottom of the 3rd over - 2 run(s), 3 hit(s), 1 error(s), 1 left on base; Northwestern 2 - South Carolina 2 |
TOP OF THE 4TH |
Northwestern Wildcats batting - Pitching for South Carolina Gamecocks : RHP Joe Griffin
|
Batting: RHB Andrés Ibáñez
|
0-0: Foul Ball, location: 2F 0-1: Called Strike 0-2: Ball 1-2: Strikes out swinging
|
Batting: RHB Robert Carter
|
0-0: Foul Ball, location: 2F 0-1: Foul Ball, location: 2F 0-2: Ball 1-2: Ground out 6-3 (Groundball, 6)
|
Batting: RHB Pablo Velásquez
|
0-0: Ball 1-0: Ground out 5-3 (Groundball, 56)
|
Top of the 4th over - 0 run(s), 0 hit(s), 0 error(s), 0 left on base; Northwestern 2 - South Carolina 2 |
BOTTOM OF THE 4TH |
South Carolina Gamecocks batting - Pitching for Northwestern Wildcats : RHP Russell Dawson
|
Batting: RHB Lewis Carter
|
0-0: Ball 1-0: Ball 2-0: Ball 3-0: Called Strike 3-1: Ground out 5-3 (Groundball, 5S)
|
Batting: RHB Taylor Justice
|
0-0: Called Strike 0-1: Ball 1-1: Ball 2-1: Ball 3-1: Base on Balls
|
Batting: RHB Clint Ratzlaff
|
0-0: Called Strike 0-1: Foul Ball, location: 2F 0-2: Ball 1-2: Grounds into double play, 2-4-3 (Groundball, 2R)
|
Bottom of the 4th over - 0 run(s), 0 hit(s), 0 error(s), 0 left on base; Northwestern 2 - South Carolina 2 |
TOP OF THE 5TH |
Northwestern Wildcats batting - Pitching for South Carolina Gamecocks : RHP Joe Griffin
|
Pitching: RHP Ray Hall
|
|
Batting: RHB Truman Younger
|
0-0: Ball 1-0: Foul Ball, location: 2F 1-1: Ball 2-1: Fly out, F9 (Flyball, 9M)
|
Batting: SHB Arnold Maddox
|
0-0: Ball 1-0: Ball 2-0: Ball 3-0: Base on Balls
|
Batting: RHB Robbie Davis
|
0-0: Ball Arnold Maddox steals 2nd base 1-0: Ball 2-0: Ball 3-0: Called Strike 3-1: Base on Balls
|
Batting: SHB Tim Taylor
|
0-0: Ball 1-0: Ball 2-0: Ball 3-0: Called Strike 3-1: Foul Ball, location: 2F 3-2: Foul Ball, location: 2F 3-2: Strikes out swinging
|
Batting: RHB Kelly Graham
|
0-0: Foul Ball, location: 2F 0-1: Foul Ball, location: 2F 0-2: Ball 1-2: Ball 2-2: Fly out, F9 (Flyball, 9M)
|
Top of the 5th over - 0 run(s), 0 hit(s), 0 error(s), 2 left on base; Northwestern 2 - South Carolina 2 |
BOTTOM OF THE 5TH |
South Carolina Gamecocks batting - Pitching for Northwestern Wildcats : RHP Russell Dawson
|
Batting: RHB José Zúñiga
|
0-0: Called Strike 0-1: Fly out, F8 (Flyball, 8LM)
|
Batting: RHB Gary Wyatt
|
0-0: Foul Ball, location: 2F 0-1: Ball 1-1: Ball 2-1: Foul Ball, location: 2F 2-2: Ground out 4-3 (Groundball, 4)
|
Batting: LHB Josh Pérez
|
0-0: Foul Ball, location: 2F 0-1: SINGLE (Line Drive, 89S)
|
Batting: RHB Carl Johnston
|
0-0: Foul Ball, location: 2F 0-1: Ball 1-1: Ball 2-1: Called Strike 2-2: Foul Ball, location: 2F 2-2: Foul Ball, location: 2F 2-2: Reached on Error, E8 (Flyball, 8LM) Josh Pérez to third
|
Batting: RHB Junior Adams
|
0-0: Fly out, F4 (Popup, 34)
|
Bottom of the 5th over - 0 run(s), 1 hit(s), 1 error(s), 2 left on base; Northwestern 2 - South Carolina 2 |
TOP OF THE 6TH |
Northwestern Wildcats batting - Pitching for South Carolina Gamecocks : RHP Ray Hall
|
Batting: LHB Xavier Smith
|
0-0: Ball 1-0: Swinging Strike 1-1: Ball 2-1: SINGLE (Line Drive, 7LS)
|
Batting: RHB Andrés Ibáñez
|
0-0: Ball 1-0: Ball 2-0: Ball 3-0: Called Strike 3-1: Called Strike 3-2: Foul Ball, location: 2F 3-2: Base on Balls Xavier Smith to second
|
Batting: RHB Robert Carter
|
0-0: Ball 1-0: Ball 2-0: Reached on error, E5 (Groundball, 56) Xavier Smith to third Andrés Ibáñez to second
|
Batting: RHB Pablo Velásquez
|
0-0: Foul Ball, location: 2F 0-1: Ball 1-1: SINGLE (Line Drive, 56) Xavier Smith scores Andrés Ibáñez to third Robert Carter to second
|
Batting: RHB Truman Younger
|
0-0: Called Strike 0-1: Swinging Strike 0-2: Ball 1-2: Foul Ball, location: 2F 1-2: Ball 2-2: Ball 3-2: Fly out, F6 (Popup, 5D)
|
Batting: SHB Arnold Maddox
|
0-0: DOUBLE (Flyball, 7LM) Andrés Ibáñez scores Robert Carter scores Pablo Velásquez to third
|
Batting: RHB Robbie Davis
|
0-0: Intentional Walk
|
Pitching: RHP Bob Branch
|
|
Batting: SHB Tim Taylor
|
0-0: Ball 1-0: Called Strike 1-1: Swinging Strike 1-2: Strikes out swinging
|
Batting: RHB Kelly Graham
|
0-0: Foul Ball, location: 2F 0-1: Swinging Strike 0-2: Foul Ball, location: 2F 0-2: Ball 1-2: Ball 2-2: Ball 3-2: Foul Ball, location: 2F 3-2: Foul Ball, location: 2F 3-2: Foul Ball, location: 2F 3-2: Foul Ball, location: 2F 3-2: Fly out, F7 (Flyball, 7M)
|
Top of the 6th over - 3 run(s), 3 hit(s), 1 error(s), 3 left on base; Northwestern 5 - South Carolina 2 |
BOTTOM OF THE 6TH |
South Carolina Gamecocks batting - Pitching for Northwestern Wildcats : RHP Russell Dawson
|
Batting: RHB Doug O'Brien
|
0-0: Ball 1-0: Ball 2-0: Ball 3-0: Base on Balls
|
Batting: RHB Lewis Carter
|
0-0: Ball 1-0: Fly out, F6 (Line Drive, 6)
|
Batting: RHB Taylor Justice
|
0-0: Fly out, F8 (Flyball, 8LM)
|
Batting: RHB Clint Ratzlaff
|
0-0: Foul Ball, location: 2F 0-1: Ball 1-1: Called Strike 1-2: Foul Ball, location: 2F 1-2: Ball 2-2: SINGLE (Groundball, 56) Doug O'Brien to second
|
Pitching: RHP Danny Lee
|
|
Batting: RHB José Zúñiga
|
0-0: Ball 1-0: Ball 2-0: Foul Ball, location: 2F 2-1: Foul Ball, location: 2F 2-2: Strikes out swinging
|
Bottom of the 6th over - 0 run(s), 1 hit(s), 0 error(s), 2 left on base; Northwestern 5 - South Carolina 2 |
TOP OF THE 7TH |
Northwestern Wildcats batting - Pitching for South Carolina Gamecocks : RHP Bob Branch
|
Batting: LHB Xavier Smith
|
0-0: Called Strike 0-1: Ball 1-1: Ball 2-1: Called Strike 2-2: Strikes out swinging
|
Batting: RHB Andrés Ibáñez
|
0-0: Foul Ball, location: 2F 0-1: Ball 1-1: Swinging Strike 1-2: Ball 2-2: Ball 3-2: Strikes out swinging
|
Batting: RHB Robert Carter
|
0-0: Called Strike 0-1: Foul Ball, location: 2F 0-2: Strikes out swinging
|
Top of the 7th over - 0 run(s), 0 hit(s), 0 error(s), 0 left on base; Northwestern 5 - South Carolina 2 |
BOTTOM OF THE 7TH |
South Carolina Gamecocks batting - Pitching for Northwestern Wildcats : RHP Danny Lee
|
Batting: RHB Gary Wyatt
|
0-0: Called Strike 0-1: SINGLE (Groundball, 6MD)
|
Batting: LHB Josh Pérez
|
0-0: Ball 1-0: Ball 2-0: Called Strike Gary Wyatt steals 2nd base 2-1: Ball 3-1: Base on Balls
|
Batting: RHB Carl Johnston
|
0-0: Ball 1-0: Fielders Choice at 2nd, 6-4 (Groundball, 6) Gary Wyatt to third
|
Batting: RHB Junior Adams
|
0-0: Ball 1-0: Called Strike 1-1: Called Strike 1-2: Ball 2-2: Foul Ball, location: 2F 2-2: Foul Ball, location: 2F 2-2: Strikes out swinging
|
Batting: RHB Doug O'Brien
|
0-0: Called Strike 0-1: Ground out 5-3 (Groundball, 56)
|
Bottom of the 7th over - 0 run(s), 1 hit(s), 0 error(s), 2 left on base; Northwestern 5 - South Carolina 2 |
TOP OF THE 8TH |
Northwestern Wildcats batting - Pitching for South Carolina Gamecocks : RHP Bob Branch
|
Batting: RHB Pablo Velásquez
|
0-0: Called Strike 0-1: Swinging Strike 0-2: Foul Ball, location: 2F 0-2: Ball 1-2: Ball 2-2: Foul Ball, location: 2F 2-2: Strikes out looking
|
Pitching: RHP Dan McKnight
|
|
Batting: RHB Truman Younger
|
0-0: Ball 1-0: Ball 2-0: Ball 3-0: Base on Balls
|
Batting: SHB Arnold Maddox
|
0-0: Called Strike 0-1: Foul Ball, location: 2F 0-2: Grounds into double play, 6-4-3 (Groundball, 6)
|
Top of the 8th over - 0 run(s), 0 hit(s), 0 error(s), 0 left on base; Northwestern 5 - South Carolina 2 |
BOTTOM OF THE 8TH |
South Carolina Gamecocks batting - Pitching for Northwestern Wildcats : RHP Danny Lee
|
Now in LF: Thomas Brennan
|
|
Batting: RHB Lewis Carter
|
0-0: Ball 1-0: Ball 2-0: Foul Ball, location: 2F 2-1: Ball 3-1: Called Strike 3-2: SINGLE (Popup, 8RS)
|
Batting: RHB Taylor Justice
|
0-0: Called Strike 0-1: Ball 1-1: Ball 2-1: Grounds into double play, 4-6-3 (Groundball, 4)
|
Batting: RHB Clint Ratzlaff
|
0-0: Swinging Strike 0-1: Swinging Strike 0-2: Ball 1-2: Foul Ball, location: 2F 1-2: Ball 2-2: Strikes out swinging
|
Bottom of the 8th over - 0 run(s), 1 hit(s), 0 error(s), 0 left on base; Northwestern 5 - South Carolina 2 |
TOP OF THE 9TH |
Northwestern Wildcats batting - Pitching for South Carolina Gamecocks : RHP Dan McKnight
|
Pitching: RHP Eric Johnston
|
|
Batting: RHB Robbie Davis
|
0-0: Foul Ball, location: 2F 0-1: Ball 1-1: Ball 2-1: Called Strike 2-2: Ground out 5-3 (Groundball, 5L)
|
Batting: SHB Tim Taylor
|
0-0: Ball 1-0: Ball 2-0: Ball 3-0: Base on Balls
|
Batting: RHB Kelly Graham
|
0-0: Ball 1-0: Called Strike 1-1: Foul Ball, location: 2F 1-2: Foul Ball, location: 2F 1-2: Ball 2-2: Ball 3-2: Foul Ball, location: 2F 3-2: Base on Balls Tim Taylor to second
|
Batting: LHB Xavier Smith
|
0-0: Foul Ball, location: 2F 0-1: Ball 1-1: Called Strike 1-2: Ball 2-2: Ball 3-2: Strikes out swinging
|
Batting: RHB Andrés Ibáñez
|
0-0: Ball 1-0: Swinging Strike 1-1: Ball 2-1: Foul Ball, location: 2F 2-2: Strikes out swinging
|
Top of the 9th over - 0 run(s), 0 hit(s), 0 error(s), 2 left on base; Northwestern 5 - South Carolina 2 |
BOTTOM OF THE 9TH |
South Carolina Gamecocks batting - Pitching for Northwestern Wildcats : RHP Danny Lee
|
Pitching: RHP Harlan Bruce
|
|
Now at 1B: John Allen
|
|
Batting: RHB José Zúñiga
|
0-0: Called Strike 0-1: Foul Ball, location: 2F 0-2: Strikes out looking
|
Batting: RHB Gary Wyatt
|
0-0: Called Strike 0-1: Called Strike 0-2: Foul Ball, location: 2F 0-2: Foul Ball, location: 2F 0-2: Ball 1-2: Ball 2-2: Strikes out swinging
|
Batting: LHB Josh Pérez
|
0-0: Ball 1-0: Ball 2-0: Foul Ball, location: 2F 2-1: Ball 3-1: Foul Ball, location: 2F 3-2: Base on Balls
|
Batting: RHB Carl Johnston
|
0-0: Called Strike 0-1: Ball 1-1: Ball 2-1: Fielders Choice at 2nd, 5-4 (Groundball, 56)
|
Bottom of the 9th over - 0 run(s), 0 hit(s), 0 error(s), 0 left on base; Northwestern 5 - South Carolina 2 |
|